 Dungeon Crawl Stone Soup version 0.24.0-2-g5b39cebb1c (webtiles) character file.

Game seed: 3953872963004232913, levelgen mode: deterministic

1029 Aelig the Spear-Bearer (level 8, 20/61 HPs)
             Began as a Merfolk Gladiator on Oct 30, 2019.
             Quit the game on level 6 of the Dungeon.
             The game lasted 00:13:21 (4200 turns).

Aelig the Spear-Bearer (Merfolk Gladiator)          Turns: 4200, Time: 00:13:21

Health: 20/61      AC: 11    Str: 15    XL:     8   Next: 23%
Magic:  7/7        EV: 11    Int:  7    God:
Gold:   206        SH:  9    Dex: 17    Spells: 7/7 levels left

rFire    . . .     SeeInvis .   a - +0 trident
rCold    . . .     Gourm    .   o - +0 buckler
rNeg     . . .     Faith    .   t - +0 scale mail
rPois    .         Spirit   .   c - +1 helmet
rElec    .         Reflect  .   p - +0 cloak
rCorr    .         Harm     .   (no gloves)
MR       .....     Rnd*Rage +   (no boots)
Stlth    ..........             (no amulet)
HPRegen  0.20/turn              (no ring)
MPRegen  0.10/turn              (no ring)

@: no status effects
A: change form in water, swift swim, stealthy swim, large bone plates 1, thin
metallic scales 1, berserk 1, low mp 1
a: no special abilities


You were on level 6 of the Dungeon.
You were not hungry.

You visited 1 branch of the dungeon, and saw 6 of its levels.

You collected 206 gold pieces.

Inventory:

Hand Weapons
 a - a +0 trident (weapon)
Missiles
 d - 5 throwing nets (quivered)
 i - 126 stones
Armour
 c - a +1 helmet (worn)
 o - a +0 buckler (worn)
 p - a +0 cloak (worn)
 t - a +0 scale mail (worn)
Jewellery
 k - an uncursed ring of see invisible {unknown}
Wands
 u - a wand of paralysis (5)
 v - a wand of flame (16)
 y - a wand of digging (4)
Scrolls
 b - 2 scrolls of immolation
 g - a scroll of identify
 h - a scroll of blinking {unknown}
 l - 4 scrolls of teleportation
 m - a scroll of enchant armour
 q - a scroll of noise {unknown}
 r - a scroll of magic mapping {unknown}
Potions
 e - a potion of heal wounds
 j - 3 potions of curing
 n - a potion of degeneration {unknown}
 w - a potion of invisibility {unknown}
 x - a potion of berserk rage {unknown}
Comestibles
 f - 7 rations


   Skills:
 + Level 4.8 Fighting
 + Level 11.0 Polearms
 - Level 2.0 Throwing
 - Level 4.0 Dodging
 - Level 4.1 Shields


You had 7 spell levels left.
You didn't know any spells.
Your spell library was empty.

Dungeon Overview and Level Annotations

Branches:
Dungeon (6/15)
 Temple: D:4-7

Altars:
Ashenzari
Nemelex Xobeh
Sif Muna
Yredelemnul
The Shining One

Shops:
D:5 %

Annotations:
D:2 Sigmund
D:6 Dowan, Duvessa, Grinder


Innate Abilities, Weirdness & Mutations

You revert to your normal form in water.
You are very nimble and swift while swimming.
You are very stealthy in the water. (Stealth+)
You are partially covered in large bone plates. (SH +4)
You are partially covered in thin metallic scales. (AC +2)
You tend to lose your temper in combat.
Your magical capacity is low. (-10% MP)


Message History

You block Grinder's attack.
You barely miss Grinder.
Grinder is heavily wounded.
The orc hits you but does no damage.
Grinder blinks!
Things that are here:
a +0 falchion; a +0 ring mail; an orc corpse You block the orc's attack.
Grinder closely misses you.
You hit Grinder.
Grinder is heavily wounded.
Grinder hits you.
You writhe in agony.
You closely miss Grinder.
Grinder is heavily wounded.
You block the orc's attack.
You puncture Grinder!
Grinder is almost dead.
Grinder gestures at you. You resist with some effort.
The orc barely misses you.
Quiver which item? (- for none, * to show all) (? for menu, Esc to quit)
Okay, then.
Are you sure you want to abandon this character and quit the game? (Confirm with "yes".)

##...## #.# #..# #
##.## #.###.##.#
#.# #........# #.#
#####.#### ##'##
######.## ##.รท)##
#.......# #.....##
#.####..##
.......###.##...)o#
........##.#....@5#
......5.'.........#
.......o##.#......#
.......###.##.....#
#.....## #.###.#.##
##...## #.......#
##o## #####.### #.#
#.# #.###### #


You could see Grinder and an orc.

Vanquished Creatures
  An orc warrior (D:5)
  3 ogres
  2 phantoms (D:4)
  A bullfrog (D:6)
  A howler monkey (D:4)
  A crimson imp (D:5)
  Natasha (thrice) (D:3)
  Terence (D:3)
  An orc wizard (D:5)
  Ijyb (D:3)
  3 worker ants (D:4)
  A hound skeleton (D:2)
  A howler monkey skeleton (D:5)
  3 adders
  2 oozes
  2 worms
  2 leopard geckos
  6 orcs
  A ball python (D:3)
  5 giant cockroaches
  4 goblins
  8 hobgoblins
  3 jackals (D:1)
  9 kobolds
  2 quokkas
  4 bats
  5 frilled lizards
  7 rats
83 creatures vanquished.

Notes
Turn   | Place    | Note
-------+----------+-------------------------------------------
     0 | D:1      | Aelig the Merfolk Gladiator began the quest for the Orb.
     0 | D:1      | Reached XP level 1. HP: 16/16 MP: 1/1
   126 | D:1      | Reached skill level 5 in Polearms
   150 | D:1      | Reached XP level 2. HP: 18/22 MP: 2/2
   288 | D:1      | Reached skill level 6 in Polearms
   288 | D:1      | Reached XP level 3. HP: 21/27 MP: 3/3
   626 | D:2      | Reached skill level 1 in Shields
   626 | D:2      | Reached XP level 4. HP: 24/33 MP: 4/4
   686 | D:2      | Noticed Sigmund
  1212 | D:3      | Noticed Terence
  1230 | D:3      | Noticed Natasha
  1241 | D:3      | Killed Terence
  1241 | D:3      | Reached skill level 7 in Polearms
  1250 | D:3      | Killed Natasha
  1250 | D:3      | Reached XP level 5. HP: 26/38 MP: 5/5
  1389 | D:3      | Noticed Ijyb
  1389 | D:3      | Paralysed by Ijyb for 5 turns
  1402 | D:3      | Paralysed by Ijyb for 4 turns
  1409 | D:3      | Killed Ijyb
  1410 | D:3      | Noticed Natasha
  1421 | D:3      | Killed Natasha
  1488 | D:3      | Noticed Natasha
  1497 | D:3      | Killed Natasha
  1515 | D:3      | Found a sparkling altar of Nemelex Xobeh.
  1681 | D:4      | Noticed a phantom
  1728 | D:4      | Noticed a phantom
  1734 | D:4      | Killed a phantom
  1734 | D:4      | Reached skill level 8 in Polearms
  1734 | D:4      | Reached XP level 6. HP: 29/44 MP: 6/6
  1772 | D:4      | Killed a phantom
  2018 | D:4      | Reached skill level 9 in Polearms
  2035 | D:4      | Reached XP level 7. HP: 16/50 MP: 7/7
  2787 | D:5      | Entered Level 5 of the Dungeon
  2797 | D:5      | Found Capt's Food Emporium.
  3006 | D:5      | Reached skill level 10 in Polearms
  3573 | D:5      | Found a shattered altar of Ashenzari.
  3611 | D:5      | Reached XP level 8. HP: 60/60 MP: 8/8
  3835 | D:5      | Found a basalt altar of Yredelemnul.
  3875 | D:5      | Found a glowing golden altar of the Shining One.
  3876 | D:5      | Found a shimmering blue altar of Sif Muna.
  4014 | D:6      | Noticed Grinder
  4037 | D:5      | Reached skill level 11 in Polearms
  4104 | D:6      | Noticed Duvessa
  4104 | D:6      | Noticed Dowan
  4173 | D:6      | Gained mutation: You are resistant to hostile enchantments.
                  | (MR+) [potion of mutation]
  4173 | D:6      | Gained mutation: Armour fits poorly on your strangely
                  | shaped body. [potion of mutation]
  4173 | D:6      | Gained mutation: You tend to lose your temper in combat.
                  | [potion of mutation]
  4173 | D:6      | Gained mutation: Your muscles are strong. (Str +2) [potion
                  | of mutation]
  4174 | D:6      | Lost mutation: You tend to lose your temper in combat.
                  | [potion of mutation]
  4174 | D:6      | Lost mutation: Your muscles are strong. (Str +2) [potion of
                  | mutation]
  4174 | D:6      | Lost mutation: You are resistant to hostile enchantments.
                  | (MR+) [potion of mutation]
  4174 | D:6      | Lost mutation: Armour fits poorly on your strangely shaped
                  | body. [potion of mutation]
  4174 | D:6      | Gained mutation: You are partially covered in large bone
                  | plates. (SH +4) [potion of mutation]
  4174 | D:6      | Gained mutation: Your magical capacity is low. (-10% MP)
                  | [potion of mutation]
  4174 | D:6      | Gained mutation: You tend to lose your temper in combat.
                  | [potion of mutation]
  4174 | D:6      | Gained mutation: You are partially covered in thin metallic
                  | scales. (AC +2) [potion of mutation]
  4178 | D:6      | Paralysed by Grinder for 7 turns
  4200 | D:6      | Quit the game

Levels and vault maps discovered:
D:1:      minmay_arrival_semitransparent, layout_rooms
D:2:      layout_loops_cross, lemuel_crystal_altar, serial_bayou_pond_d,
          uniq_sigmund
D:3:      layout_rooms, nemelex_xobeh_ov_fountains_minmay, first_ration,
          uniq_natasha, uniq_ijyb, uniq_terence
D:4:      layout_rooms
D:5:      layout_basic, nicolae_overflow_hidden_temple, ashenzari_altar_1,
          serial_shops, shop_fountains, nrook_campfire
D:6:      layout_loops_corners, ebering_ghost_disaster_area, serial_glass,
          glass_columns_a, glass_columns_a, uniq_grinder, uniq_duvessa,
          uniq_prince_ribbit1

Skill      XL: |  1  2  3  4  5  6  7  8 |
---------------+-------------------------+-----
Polearms       | 5 6 7 8 9 10 11 | 11.0
Shields        | 1 2 3 4 |  4.1
Fighting       | 4 |  4.8
Throwing       | |  2.0
Dodging        | |  4.0

Action                   |  1- 3 |  4- 6 |  7- 9 || total
-------------------------+-------+-------+-------++-------
Melee: Trident           |    95 |   187 |   134 ||   416
  Use: Scroll            |       |       |     6 ||     6
       Potion            |       |       |     5 ||     5
  Eat: Chunk             |       |     4 |     7 ||    11
Armor: Leather armour    |    14 |       |       ||    14
       Ring mail         |       |    11 |       ||    11
       Scale mail        |       |    19 |    23 ||    42
       Skin              |       |       |     2 ||     2
Dodge: Dodged            |    54 |    49 |    35 ||   138
Block: Buckler           |     6 |    20 |    25 ||    51
